Map: Ruins of Endion

Players

Pokebunny - Winner!

  • Race: Terran Terran
  • League: Grandmaster

DarKLoVeR

  • Race: Zerg Zerg
  • League: Grandmaster

VOD

Have the link to the VOD?

Description

Time

  • Played on: April 7, 2016, 2:21 p.m.
  • Length: 6:30
Show
View Real Time Build Order
Export as new Build Order

Pokebunny Terran - Winner!

Build Orders: Reaper Expand 

Get SALT Encoding   

  12  0:00  SCV  
  13  0:12  SCV  
  14  0:18  Supply Depot  
  14  0:24  SCV  
  15  0:40  Barracks, SCV  
  16  0:43  Refinery  
  16  0:52  SCV  
  17  1:04  SCV  
  18  1:16  SCV  
  19  1:27  Reaper  
  19  1:29  Orbital Command  
  20  1:41  Command Center  
  20  1:54  SCV  
  20  1:56  Supply Depot  
  20  1:59  Barracks Reactor  
  21  2:06  SCV  
  21  2:08  Barracks  
  22  2:17  Barracks  
  22  2:19  SCV  
  23  2:31  Refinery  
  23  2:36  Marine x2, SCV  
  26  2:52  SCV  
  26  2:53  Marine  
  26  2:54  Marine  
  26  2:56  Barracks Tech Lab  
  26  2:57  Factory  
  29  3:03  Orbital Command  
  29  3:08  SCV  
  29  3:12  Marine  
  31  3:13  Marine  
  31  3:18  Stimpack  
  32  3:21  Marine  
  32  3:22  SCV  
  32  3:25  Marine  
  35  3:29  SCV  
  35  3:31  Marine x2  
  38  3:40  Marine  
  39  3:45  SCV x2  
  39  3:47  Supply Depot  
  41  3:53  Starport  
  41  3:54  Bunker  
  41  3:55  Factory Reactor  
  40  3:58  SCV x2  
  40  4:01  Engineering Bay  
  40  4:02  Marine  
  43  4:04  Marine  
  43  4:05  Marine  
  43  4:08  Marine  
  43  4:18  Supply Depot  
  43  4:19  Bunker  
  43  4:21  Marine, Supply Depot  
  43  4:22  Marine  
  45  4:25  Marine  
  46  4:36  Supply Depot  
  46  4:45  Engineering Bay  
  46  4:46  Medivac  
  46  4:49  Medivac  
  46  4:52  SCV  
  51  4:53  SCV  
  51  4:57  Barracks Reactor  
  52  5:01  Marine  
  52  5:02  Marine x2  
  52  5:06  SCV  
  56  5:08  Factory Tech Lab  
  56  5:09  SCV  
  57  5:23  Marine x3, Supply Depot  
  60  5:34  SCV  
  60  5:35  SCV  
  62  5:37  Supply Depot  
  62  5:44  Supply Depot, Siege Tank, Marine x3  
  62  5:45  Refinery  
  62  5:47  Marine x2  
  64  6:09  Marine x5  
  69  6:18  Refinery  
Show
View Real Time Build Order
Export as new Build Order

DarKLoVeR Zerg 

Build Orders: Hatch First 

Get SALT Encoding   

  12  0:01  Drone  
  13  0:13  Overlord  
  13  0:18  Drone  
  14  0:32  Drone x2  
  14  0:35  Drone  
  17  0:53  Hatchery  
  17  0:55  Drone  
  17  0:57  Extractor  
  17  0:59  Drone  
  17  1:15  Spawning Pool  
  17  1:16  Drone  
  17  1:20  Drone  
  18  1:28  Drone  
  19  1:41  Overlord  
  19  2:02  Queen, Metabolic Boost  
  19  2:04  Zergling x4, Queen  
  25  2:09  Drone  
  25  2:11  Drone  
  27  2:18  Drone  
  28  2:25  Roach Warren  
  27  2:30  Drone  
  27  2:31  Drone  
  27  2:36  Drone  
  30  2:47  Overlord  
  30  2:48  Overlord  
  30  3:09  Roach x4  
  30  3:12  Roach x2  
  42  3:15  Drone x2  
  42  3:17  Drone  
  45  3:21  Drone  
  45  3:22  Drone  
  47  3:27  Drone x2  
  49  3:34  Overlord  
  49  3:38  Drone  
  50  3:45  Drone  
  50  3:46  Lair  
  51  3:49  Extractor  
  51  3:50  Extractor  
  51  3:51  Extractor  
  51  3:54  Drone x4  
  51  3:58  Drone  
  51  4:00  Drone x2  
  54  4:14  Drone  
  55  4:19  Drone  
  55  4:21  Overlord  
  55  4:23  Drone x3  
  59  4:41  Drone  
  59  4:42  Drone x2  
  59  4:45  Spire, Hatchery  
  61  4:48  Overseer  
  61  4:50  Overlord  
  60  4:53  Drone x4  
  60  4:57  Drone x2  
  60  4:58  Drone  
  67  5:08  Queen  
  69  5:19  Overlord x2  
  69  5:20  Zergling x6  
  72  5:21  Queen  
  74  5:32  Overlord x2  
  74  5:35  Zergling x4  
  76  5:44  Roach x4  
  84  5:50  Overlord x2  
  64  6:04  Mutalisk x3  
Tags
 
Add a new tag
Caveats
  • Supply blocks, unpowered buildings, or Contaminate may cause inaccurate times.
  • Supply counts are checked every 10 seconds.